 Dungeon Crawl Stone Soup version 0.30.0-29-ga12c61a403 (webtiles) character file.

Game seed: 9512995692713971262

821 seaoflcl the Covered (level 7, -3/61 HPs)
             Began as a Minotaur Fighter on June 15, 2023.
             Was a Believer of Nemelex Xobeh.
             Slain by an ice beast (14 damage)
             ... on level 5 of the Dungeon.
             The game lasted 00:04:22 (4281 turns).

seaoflcl the Covered (Minotaur Fighter)             Turns: 4281, Time: 00:04:24

Health: -3/61      AC: 13    Str: 23    XL:     7   Next: 63%
Magic:  6/6        EV:  6    Int:  5    God:    Nemelex Xobeh [**....]
Gold:   167        SH:  4    Dex:  9    Spells: 6/6 levels left

rFire   . . .        j - +1 mace (heavy)
rCold   . . .        c - +0 buckler
rNeg    + . .        E - +0 plate armour
rPois   .            (helmet restricted)
rElec   .            (no cloak)
rCorr   .            h - +0 pair of gloves
SInv    .            (no boots)
Will    .....        (no amulet) Stlth
                     e - ring of positive energy
HPRegen 0.30/turn    (no ring)
MPRegen 0.10/turn

%: no passive effects
@: no status effects
A: horns 2, retaliatory headbutt
a: Renounce Religion, Draw Escape, Draw Destruction, Draw Summoning


You were on level 5 of the Dungeon.
You worshipped Nemelex Xobeh.
Nemelex Xobeh was pleased with you.
You visited 1 branch of the dungeon, and saw 6 of its levels.

You collected 167 gold pieces.

Inventory:

Hand Weapons
 a - a +0 war axe
 j - a +1 heavy mace (weapon)
Missiles
 g - 8 poisoned darts (quivered)
Armour
 c - a +0 buckler (worn)
 h - a +0 pair of gloves (worn)
 w - a +1 scale mail of willpower
 E - a +0 plate armour (worn)
Jewellery
 e - a ring of positive energy (left hand)
Wands
 s - a wand of flame (24)
 x - a wand of digging (4)
 B - a wand of charming (13)
Scrolls
 f - 2 scrolls of magic mapping {unknown}
 i - 2 scrolls of poison {unknown}
 k - 2 scrolls of noise {unknown}
 n - a scroll of enchant armour {unknown}
 o - 4 scrolls of identify {unknown}
 u - a scroll of brand weapon {unknown}
 v - 2 scrolls of immolation {unknown}
 y - 2 scrolls of blinking {unknown}
 z - a scroll of vulnerability {unknown}
 A - a scroll of enchant weapon {unknown}
 C - a scroll of acquirement {unknown}
 D - a scroll of teleportation {unknown}
Potions
 b - 2 potions of attraction {unknown}
 d - 2 potions of might
 l - a potion of resistance {unknown}
 p - a potion of berserk rage {unknown}
 q - 2 potions of haste {unknown}
 r - a potion of degeneration {unknown}
 t - 2 potions of curing {unknown}


   Skills:
 + Level 5.3 Fighting
 + Level 4.6(5.7) Axes
 * Level 5.1(5.9) Maces & Flails
 + Level 2.7 Throwing
 + Level 5.3 Armour
 + Level 5.2 Shields
 + Level 0.4 Invocations
 + Level 0.4 Evocations


You had 6 spell levels left.
You didn't know any spells.
Your spell library contained the following spells:

 Spells                   Type           Power      Damage    Failure   Level
 Static Discharge         Conj/Air       0%         2-2/arc   100%        2
 Ozocubu's Armour         Ice            0%         N/A       100%        3
 Airstrike                Air            0%         2d(0-16)  100%        4
 Animate Armour           Summ/Erth      0%         N/A       100%        4
 Summon Lightning Spire   Summ/Air       0%         N/A       100%        4
 Blade Hands              Tmut           0%         N/A       100%        5
 Iron Shot                Conj/Erth      0%         9d1       100%        6
 Simulacrum               Ice/Necr       0%         N/A       100%        6
 Ozocubu's Refrigeration  Ice            0%         4d7       100%        7
 Polar Vortex             Ice            0%         N/A       100%        9


Dungeon Overview and Level Annotations

Branches:
Dungeon (6/15)
 Temple: D:4-7

Altars:
Kikubaaqudgha
Nemelex Xobeh

Shops:
D:2 *   D:3 :


Innate Abilities, Weirdness & Mutations

You have a pair of horns on your head.
You reflexively headbutt those who attack you in melee.


Message History

The ice beast hits you but does no damage.
You are too injured to fight recklessly!
You are too injured to fight recklessly!
You are too injured to fight recklessly!
You are too injured to fight recklessly!
You are too injured to fight recklessly!
You are too injured to fight recklessly!
You are too injured to fight recklessly!
You are too injured to fight recklessly!
You are too injured to fight recklessly!
You are too injured to fight recklessly!
You are too injured to fight recklessly!
You are too injured to fight recklessly!
You are too injured to fight recklessly!
You are too injured to fight recklessly!
You are too injured to fight recklessly!
Unknown command.
You thump the ice beast! Your headbutt misses the ice beast.
The ice beast is heavily wounded.
The gnoll hits you from afar with a +0 halberd.
The ice beast hits you but does no damage.
The gnoll hits you from afar with a +0 halberd.
* * * LOW HITPOINT WARNING * * *
The ice beast hits you but does no damage.
You draw a card...
You have drawn the Orb.
Press: ? - help, Shift-Dir - straight line, f - ice beast
Aim: an ice beast (heavily wounded)
The gnoll hits you from afar with a +0 halberd.
* * * LOW HITPOINT WARNING * * *
The ice beast hits you but does no damage.
The wavering orb of destruction hits the gnoll!!
You blow up the gnoll!
You hit the ice beast but do no damage.
The ice beast is heavily wounded.
The ice beast hits you.
* * * LOW HITPOINT WARNING * * *
The ice beast freezes you!
You die...
Your body disappears without a glow.

.......................
...................(...
....................#
..............)P....#.#
......................#
........#####P...#....#
........+.......## ._.#
.......<#..).Y).P#.. #
#########...@°.......
#.........?..#
#...(>.......#
##......#...PP.
########...... ......
....


You could see an ice beast.

Vanquished Creatures
  Grinder (D:3)
  A black bear (D:4)
  A phantom (D:5)
  Blork the orc (D:4)
  A jelly (D:4)
  A hound (D:4)
  An orc priest (D:4)
  Jessica (D:3)
  Terence (D:2)
  An iguana (D:6)
  Natasha (D:3)
  An orc wizard (D:4)
  6 adders
  4 gnolls (D:5)
  2 worms
  A dart slug (D:4)
  10 orcs
  4 ball pythons
  5 endoplasms
  A giant cockroach (D:3)
  6 goblins
  3 hobgoblins
  8 kobolds
  A quokka (D:3)
  10 bats
  3 frilled lizards
  4 rats
80 creatures vanquished.

Notes
Turn   | Place    | Note
-------+----------+-------------------------------------------
     0 | D:1      | seaoflcl the Minotaur Fighter began the quest for the Orb.
     0 | D:1      | Reached XP level 1. HP: 19/19 MP: 0/0
   427 | D:1      | Reached XP level 2. HP: 27/27 MP: 1/1
   510 | D:1      | Found a faded altar of an unknown god.
   784 | D:1      | Prayed at the altar of an unknown god.
   784 | D:1      | Became a worshipper of Nemelex Xobeh the Trickster
   784 | D:1      | Reached * piety under Nemelex Xobeh
   840 | D:2      | Found Zasaho's Assorted Antiques.
   915 | D:2      | Reached skill level 1 in Maces & Flails
   919 | D:2      | Reached XP level 3. HP: 23/33 MP: 2/2
  1178 | D:2      | Noticed Terence
  1181 | D:2      | Killed Terence
  1272 | D:2      | Reached XP level 4. HP: 39/40 MP: 3/3
  1283 | D:2      | Reached skill level 1 in Throwing
  1356 | D:2      | Received a gift from Nemelex Xobeh
  1643 | D:3      | Noticed Natasha
  1650 | D:3      | Killed Natasha
  1734 | D:3      | Noticed Jessica
  1743 | D:3      | Killed Jessica
  1744 | D:3      | Reached XP level 5. HP: 33/46 MP: 4/4
  1958 | D:3      | Noticed Grinder
  1962 | D:3      | Paralysed by Grinder for 4 turns
  1969 | D:3      | Killed Grinder
  1970 | D:3      | Reached XP level 6. HP: 40/53 MP: 5/5
  2022 | D:3      | Found Raveepiuss's Book Shoppe.
  2365 | D:4      | Reached ** piety under Nemelex Xobeh
  2494 | D:4      | Reached skill level 5 in Armour
  3086 | D:4      | Reached XP level 7. HP: 60/60 MP: 6/6
  3097 | D:4      | Reached skill level 5 in Fighting
  3097 | D:4      | Reached skill level 5 in Shields
  3553 | D:4      | Noticed Blork the orc
  3562 | D:4      | Killed Blork the orc
  3649 | D:4      | Received a gift from Nemelex Xobeh
  3867 | D:5      | Entered Level 5 of the Dungeon
  3874 | D:5      | Found an ancient bone altar of Kikubaaqudgha.
  3876 | D:5      | Reached skill level 5 in Maces & Flails
  4281 | D:5      | Slain by an ice beast

Illustrated notes

Levels and vault maps discovered:
D:1:      lemuel_arrival_broad_hall, layout_loops_cross,
          hellmonk_ecumenical_altar_zigzags
D:2:      layout_basic, serial_shops, nicolae_shop_overgrown_old_shop,
          minmay_crystal_water, uniq_terence
D:3:      layout_rooms, serial_shops, nicolae_shop_stone, nrook_campfire,
          minmay_fractal_squares_5, uniq_natasha, uniq_grinder, uniq_jessica
D:4:      layout_layer_cave, uniq_blork_the_orc
D:5:      layout_gridville, fedhas_ov_isle_minmay, kiku_gazebo_garden_becter,
          nicolae_titane
D:6:      layout_basic, okawaru_gym_becter

Skill      XL: |  1  2  3  4  5  6  7 |
---------------+----------------------+-----
Armour         | 4 5 |  5.3
Maces & Flails | 1 2 3 4 5 |  5.1
Axes           | 3 4 |  4.6
Fighting       | 4 5 |  5.3
Shields        | 4 5 |  5.2
Throwing       | 1 2 |  2.7
Invocations    | |  0.4
Evocations     | |  0.4

Action                     |  1- 3 |  4- 6 |  7- 9 || total
---------------------------+-------+-------+-------++-------
  Melee: War axe           |    16 |       |       ||    16
         Mace              |    37 |    88 |    43 ||   168
         Headbutt          |     5 |     7 |     9 ||    21
 Invoke: Draw Destruction  |       |       |     1 ||     1
    Use: Potion            |       |     1 |       ||     1
 Armour: Scale mail        |    15 |       |       ||    15
         Chain mail        |    39 |    67 |    18 ||   124
         Plate armour      |       |       |    31 ||    31
  Dodge: Dodged            |    31 |    51 |    26 ||   108
  Block: Buckler           |    15 |    25 |    20 ||    60
